 Dungeon Crawl Stone Soup version 0.29.1-15-g9cfb28693d (webtiles) character file.

Game seed: 2471690795817958847

146 javelincjr the Magician (level 5, -1/38 HPs)
             Began as a Djinni Conjurer on Mar 10, 2023.
             Slain by Grinder (5 damage)
             ... on level 3 of the Dungeon.
             The game lasted 00:05:20 (2761 turns).

javelincjr the Magician (Djinni Conjurer)           Turns: 2761, Time: 00:05:20

Health: -1/38      AC:  3    Str:  8    XL:     5   Next: 53%
Gold:   94         EV: 12    Int: 19    God:
                   SH:  0    Dex: 12

rFire   + + .      SeeInvis +   m - +9 hand axe of Anger {drain, MP+9}
rCold   x . .      Faith    .   (no shield)
rNeg    . . .      Spirit   .   a - +0 robe
rPois   ∞          Reflect  .   (no helmet)
rElec   .          Harm     .   (no cloak)
rCorr   .          Rampage  .   b - +0 pair of gloves
Will    .....                   (boots unavailable)
Stlth   ++........              (no amulet)
HPRegen 0.12/turn               k - ring of see invisible
MPRegen 0.00/turn               (no ring)

@: flying
A: sickness immunity, fire resistance 2, cold vulnerability 1, float, innate
caster, HP casting, extra vitality 1
a: no special abilities


You were on level 3 of the Dungeon.
You visited 1 branch of the dungeon, and saw 3 of its levels.

You collected 94 gold pieces.

Inventory:

Hand Weapons
 j - a +2 short sword of speed
 m - the +9 hand axe of Anger (weapon) {drain, MP+9}
   (You found it on level 2 of the Dungeon)

   A truly terrible weapon, it drains the life of any living foe it strikes.
   MP:        It affects your magic capacity (+9).
Armour
 a - a +0 robe (worn)
 b - a +0 pair of gloves (worn)
Jewellery
 k - a ring of see invisible (left hand)
Wands
 n - a wand of digging (4)
 p - a wand of mindburst (19)
Scrolls
 c - a scroll of fear {unknown}
 d - 2 scrolls of teleportation {unknown}
 e - a scroll of noise {unknown}
 f - a scroll of silence {unknown}
 h - a scroll of identify {unknown}
 i - a scroll of enchant weapon {unknown}
 o - a scroll of blinking {unknown}
Potions
 g - 2 potions of mutation {unknown}
 l - a potion of magic {unknown}


   Skills:
 * Level 2.2 Fighting
 + Level 1.5 Armour
 + Level 2.8 Dodging
 + Level 2.1 Stealth
 * Level 3.9 Spellcasting


You couldn't memorise any spells.
You knew the following spells:

 Your Spells              Type           Power      Damage    Failure   Level
a - Magic Dart            Conj           72%        1d6       2%          1
b - Searing Ray           Conj           36%        2d5       4%          2
c - Dazzling Flash        Conj/Hex       36%        N/A       9%          3
d - Fulminant Prism       Conj/Hex       9%         3d7       26%         4
e - Iskenderun's Mystic   Conj/Tloc      18%        2d6       26%         4
f - Summon Small Mammal   Summ           72%        N/A       2%          1
g - Poisonous Vapours     Pois/Air       36%        N/A       4%          2
Your spell library was empty.

Dungeon Overview and Level Annotations

Branches:
Dungeon (3/15)

Altars:

Annotations:
D:3 Grinder


Innate Abilities, Weirdness & Mutations

You are immune to sickness and miasma.
You are immune to poison.
Your flesh is very heat resistant. (rF++)
You are vulnerable to cold. (rC-)
You float through the air rather than walking.
You learn spells naturally, not from books.
Your magical power is your life essence.
You have superior vitality. (+4 MHP)


Message History

The magic dart hits the adder.
You kill the adder!
You can't see any susceptible monsters within range! (Use Z to cast anyway.)
The magic dart hits Grinder.
Grinder is lightly wounded.
Grinder says, "Are you a fish?"
Grinder blinks!
You can't see any susceptible monsters within range! (Use Z to cast anyway.)
The magic dart hits Grinder.
Grinder is lightly wounded.
The magic dart hits Grinder.
Grinder is moderately wounded.
The magic dart hits Grinder but does no damage.
Grinder is moderately wounded.
Grinder gestures at you. Pain shoots through your body!
Casting: Magic Dart (safe; 2% risk of failure)
Confirm with . or Enter, or press ? or * to list all spells.
Aiming: Searing Ray (safe; 4% risk of failure)
Press: ? - help, Shift-Dir - straight line, f/p - Grinder
Aim: Grinder (moderately wounded, 75% to hit)
The searing ray hits Grinder!
Grinder is heavily wounded. (Press . to maintain the ray.)
The searing ray hits Grinder!
Grinder is severely wounded.
The searing ray hits Grinder!
Grinder is almost dead.
The searing ray hits Grinder but does no damage.
Grinder is almost dead.
You finish channelling your searing ray.
Grinder hits you.
* * * LOW HITPOINT WARNING * * *
You writhe in agony.
* * * LOW HITPOINT WARNING * * *
You hit Grinder.
Grinder is almost dead.
Grinder gestures at you. You resist with significant effort. Grinder hits you.
You die...

#.# #.# #.# ### #.#
..# #.# #.# #.# #.#
#.# #.#
#.#####.####.##
#...@5†...)..†#
#######.####.........
#.# #.######.. #.#
#.. #.# #### #.. ###


You could see Grinder.

Vanquished Creatures
  Ijyb (D:3)
  4 adders
  4 worms (D:2)
  3 dart slugs (D:2)
  4 ball pythons
  7 bats
  6 endoplasms
  A giant cockroach (D:1)
  4 goblins
  6 hobgoblins
  11 jackals
  7 kobolds
  A quokka (D:1)
  A frilled lizard (D:2)
  2 rats
62 creatures vanquished.

Vanquished Creatures (others)
  A fulminant prism (D:3)
  11 plants (D:1)
12 creatures vanquished.

Grand Total: 74 creatures vanquished

Notes
Turn   | Place    | Note
-------+----------+-------------------------------------------
     0 | D:1      | javelincjr the Djinni Conjurer began the quest for the Orb.
     0 | D:1      | javelincjr set off with the following spells memorised:
                  | Magic Dart, Searing Ray, Dazzling Flash, Fulminant Prism,
                  | Iskenderun's Mystic Blast.
     0 | D:1      | Reached XP level 1. HP: 15/15 MP: 0/0
   238 | D:1      | Reached XP level 2. HP: 17/22 MP: 0/0
   631 | D:1      | Reached skill level 1 in Fighting
   689 | D:1      | Reached XP level 3. HP: 24/27 MP: 0/0
   689 | D:1      | Learned a level 1 spell: Summon Small Mammal
  1320 | D:2      | Reached skill level 1 in Armour
  1447 | D:2      | Found a faded altar of an unknown god.
  1651 | D:2      | Reached XP level 4. HP: 26/32 MP: 0/0
  1888 | D:2      | Identified the +9 hand axe of Anger {drain, MP+9}
  2556 | D:3      | Noticed Ijyb
  2558 | D:3      | Reached XP level 5. HP: 30/38 MP: 0/0
  2558 | D:3      | Learned a level 2 spell: Poisonous Vapours
  2566 | D:3      | Killed Ijyb
  2725 | D:3      | Noticed Grinder
  2730 | D:3      | Paralysed by Grinder for 4 turns
  2761 | D:3      | Slain by Grinder

Illustrated notes

Levels and vault maps discovered:
D:1:      eino_arrival_cavern_a, layout_basic, kennysheep_boxes
D:2:      wander_river, layout_loops_ring, hellmonk_ecumenical_altar_run_dry,
          nicolae_wormholes
D:3:      layout_loops_ring, uniq_natasha, uniq_grinder, uniq_terence, uniq_ijyb

Skill      XL: |  1  2  3  4 |
---------------+-------------+-----
Fighting       | 1 2 |  2.2
Armour         | 1 |  1.5
Stealth        | 2 |  2.1
Dodging        | |  2.8
Spellcasting   | |  3.9

Action                   |  1- 3 |  4- 6 || total
-------------------------+-------+-------++-------
Melee: Short sword       |     1 |       ||     1
       Hand axe          |       |    23 ||    23
 Cast: Magic Dart        |    67 |    35 ||   102
       Searing Ray       |     2 |     3 ||     5
       Fulminant Prism   |       |     1 ||     1
       Poisonous Vapours |       |     1 ||     1
 Stab: Sleeping          |     1 |     6 ||     7
Armor: Robe              |     4 |     3 ||     7
Dodge: Dodged            |     3 |    21 ||    24
